Map: Lightshade LE

Players

Dark

  • Race: Zerg Zerg
  • Spawn Location: 5:00

Reynor - Winner!

  • Race: Zerg Zerg
  • Spawn Location: 11:00

Event: IEM Katowice 2021

VOD

Have the link to the VOD?

Description

Time

  • Played on: Feb. 27, 2021, 9:21 a.m.
  • Length: 21:12

All games in this series

Show
View Real Time Build Order
Export as new Build Order

Dark Zerg 

Build Orders: Hatch First, Muta Ling Bane 

Get SALT Encoding   

  12  0:00  Drone  
  13  0:12  Overlord  
  13  0:16  Drone  
  14  0:30  Drone  
  14  0:31  Drone  
  16  0:47  Hatchery  
  15  0:50  Drone  
  15  0:55  Drone  
  17  1:02  Drone  
  18  1:08  Extractor  
  17  1:16  Spawning Pool, Drone  
  17  1:19  Drone  
  18  1:27  Drone  
  19  1:39  Drone  
  20  1:49  Drone  
  21  2:02  Queen  
  21  2:03  Zergling x2, Drone, Queen  
  27  2:12  Overlord  
  27  2:13  Drone, Metabolic Boost  
  28  2:31  Drone x2  
  28  2:32  Zergling x2  
  28  2:35  Drone  
  32  2:40  Hatchery  
  31  2:47  Queen  
  33  2:54  Baneling Nest  
  33  2:58  Overlord  
  32  3:00  Drone  
  32  3:03  Drone  
  34  3:08  Drone x2  
  35  3:17  Drone x4  
  39  3:20  Overlord  
  39  3:24  Zergling x2  
  41  3:27  Drone  
  41  3:30  Drone x2  
  43  3:38  Overlord  
  43  3:44  Lair  
  43  3:46  Drone x3  
  46  3:49  Extractor, Drone  
  46  3:53  Drone x2  
  48  3:59  Evolution Chamber  
  48  4:01  Drone x3  
  50  4:07  Roach Warren  
  50  4:08  Drone  
  50  4:12  Drone x2  
  50  4:16  Drone x3  
  55  4:17  Drone  
  55  4:21  Extractor  
  55  4:23  Extractor, Drone  
  55  4:24  Drone x2  
  57  4:28  Zergling x4  
  59  4:40  Spine Crawler  
  59  4:41  Spine Crawler  
  57  4:47  Roach x4  
  57  4:49  Baneling  
  57  4:50  Baneling x4  
  65  4:53  Overlord  
  65  4:58  Spire  
  64  5:01  Spine Crawler  
  63  5:07  Spine Crawler  
  63  5:11  Baneling x3  
  63  5:12  Roach x3  
  63  5:13  Zergling x2  
  64  5:15  Roach  
  64  5:17  Roach  
  64  5:18  Zergling x2  
  65  5:23  Roach  
  65  5:24  Zergling x2  
  66  5:30  Evolution Chamber  
  66  5:35  Overlord, Baneling x2  
  65  5:36  Overlord  
  65  5:40  Overlord  
  65  5:41  Overlord  
  65  5:46  Overlord  
  65  5:56  Drone  
  66  6:02  Drone  
  66  6:03  Drone  
  67  6:09  Mutalisk x2  
  71  6:12  Mutalisk x2  
  71  6:14  Hatchery  
  71  6:15  Mutalisk  
  76  6:24  Mutalisk  
  78  6:31  Drone x5  
  81  6:41  Hatchery  
  81  6:42  Mutalisk  
  81  6:46  Mutalisk  
  84  6:49  Drone x3  
  84  6:52  Extractor  
  84  6:53  Extractor  
  85  6:55  Zerg Flyer Weapons Level 1  
  85  7:02  Drone x2  
  85  7:03  Drone  
  85  7:06  Queen  
  85  7:08  Mutalisk  
  91  7:16  Mutalisk  
  91  7:19  Overseer  
  91  7:21  Overlord  
  91  7:22  Drone x4  
  97  7:33  Drone x4  
  101  7:38  Mutalisk  
  101  7:39  Mutalisk  
  101  7:42  Mutalisk  
  107  7:44  Zergling x10  
  110  7:55  Extractor  
  110  7:56  Extractor  
  104  8:00  Mutalisk x2  
  104  8:05  Zergling x8  
  100  8:12  Mutalisk  
  94  8:15  Mutalisk  
  94  8:17  Zergling x2  
  99  8:22  Hatchery  
  99  8:23  Mutalisk  
  100  8:31  Drone x3  
  103  8:37  Mutalisk  
  103  8:41  Drone  
  106  8:46  Hatchery  
  105  8:49  Zerg Flyer Weapons Level 2  
  105  8:52  Overlord  
  105  8:56  Extractor  
  105  9:00  Extractor  
  105  9:02  Overlord  
  103  9:03  Drone x2  
  105  9:11  Drone x4  
  105  9:12  Drone x2  
  111  9:17  Mutalisk  
  111  9:18  Mutalisk  
  111  9:21  Overseer  
  111  9:24  Drone  
  116  9:29  Mutalisk  
  118  9:33  Mutalisk  
  118  9:36  Drone  
  121  9:46  Centrifical Hooks  
  121  9:48  Zergling x12  
  121  9:50  Overseer  
  127  9:56  Zergling x6  
  127  10:09  Zergling x4  
  127  10:11  Mutalisk x3  
  135  10:17  Overseer  
  135  10:18  Overlord x2  
  135  10:24  Zerg Melee Weapons Level 1  
  135  10:36  Zergling x18  
  144  10:45  Overlord  
  139  10:51  Baneling x14  
  139  10:54  Overlord  
  139  10:55  Baneling x4  
  139  10:56  Baneling x6  
  127  11:05  Baneling x7  
  127  11:06  Baneling  
  126  11:14  Overseer  
  113  11:22  Mutalisk x4  
  113  11:25  Zergling x10  
  124  11:29  Overseer  
  120  11:37  Mutalisk x2  
  120  11:38  Zergling x4  
  120  11:39  Zergling x4  
  128  11:51  Mutalisk x2  
  128  11:53  Zergling x2, Overseer  
  128  11:54  Overseer  
  133  11:57  Zergling x6  
  134  12:09  Zergling x12  
  134  12:12  Zergling x2  
  134  12:13  Zergling x2  
  142  12:16  Zergling x4  
  142  12:19  Pneumatized Carapace  
  142  12:21  Baneling x4  
  144  12:24  Mutalisk  
  144  12:26  Overlord, Baneling x2  
  139  12:45  Mutalisk x5  
  139  12:47  Overseer  
  146  12:52  Zergling x12  
  146  12:55  Zergling x2  
  153  13:00  Baneling x10  
  153  13:01  Overlord  
  153  13:04  Zergling x2  
  154  13:08  Overlord  
  154  13:15  Overlord  
  154  13:19  Hatchery  
  153  13:26  Drone  
  154  13:27  Zergling x12  
  154  13:31  Zerg Melee Weapons Level 2  
  160  13:37  Mutalisk x3  
  166  13:47  Zergling x6, Overseer  
  169  13:49  Baneling x6  
  169  13:50  Baneling x3  
  169  13:58  Hatchery  
  168  14:07  Baneling  
  168  14:08  Baneling x2  
  126  14:26  Mutalisk x4  
  126  14:28  Zergling x2  
  126  14:29  Zergling x10, Mutalisk  
  131  14:36  Mutalisk  
  130  14:39  Drone  
  130  14:40  Drone x5  
  132  14:53  Mutalisk  
  132  14:54  Mutalisk x2  
  138  15:08  Zergling x2  
  138  15:09  Zergling x4  
  138  15:11  Zergling x2  
  142  15:16  Zergling x6  
  142  15:19  Extractor  
  143  15:24  Overlord  
  143  15:25  Zergling x4  
  143  15:27  Zergling x2  
  146  15:30  Baneling x14  
  146  15:36  Baneling x2  
  146  15:37  Zergling x2, Baneling x7  
  146  15:38  Baneling  
  146  15:41  Zergling x4  
  131  16:06  Zergling x34  
  131  16:09  Baneling  
  131  16:10  Baneling x2  
  147  16:11  Drone  
  148  16:31  Hatchery  
  147  16:33  Baneling x4  
  147  16:35  Zergling x10  
  147  16:36  Zergling x4  
  153  16:40  Zergling x2  
  153  16:41  Zergling x4  
  153  16:46  Drone x3  
  158  16:50  Drone x2  
  158  16:53  Drone x2  
  162  17:00  Drone x4  
  166  17:05  Drone x3  
  169  17:10  Baneling x6  
  169  17:21  Zerg Ground Armor Level 1  
  169  17:22  Zergling x8  
  171  17:28  Baneling x8  
  171  17:29  Baneling x3  
  171  17:40  Zergling x2  
  171  17:41  Zergling x4, Overlord  
  170  17:48  Zergling x12  
  170  17:50  Burrow, Baneling x2  
  170  17:51  Baneling x5  
  172  17:52  Baneling x2  
  172  17:53  Baneling  
  172  18:09  Zergling x6  
  172  18:10  Zergling x24  
  183  18:12  Baneling  
  183  18:14  Baneling x7  
  183  18:18  Extractor  
  183  18:19  Zergling x8  
  186  18:21  Baneling x4  
  186  18:22  Baneling  
  186  18:24  Baneling x2  
  186  18:25  Baneling x3  
  186  18:38  Overlord x3  
  186  18:39  Overlord x2  
  183  18:45  Baneling x5  
  183  18:46  Baneling x2  
  183  18:49  Overlord  
  181  18:59  Zergling x2  
  181  19:00  Zergling x16, Baneling  
  181  19:01  Baneling  
  180  19:03  Zergling x2  
  180  19:04  Zergling x4  
  163  19:10  Hatchery  
  136  19:18  Zergling x24  
  136  19:21  Baneling x3  
  136  19:23  Zergling x2  
  140  19:26  Zergling x6  
  140  19:28  Baneling x8  
  140  19:30  Zergling x4  
  137  19:43  Mutalisk x2  
  122  19:48  Mutalisk x2  
  122  19:49  Mutalisk  
  122  19:50  Zergling x8  
  112  20:01  Mutalisk x2  
  112  20:02  Mutalisk x3  
  117  20:15  Mutalisk  
  120  20:30  Mutalisk x4  
  120  20:33  Baneling x3  
  120  20:34  Zergling x2  
  120  20:35  Zergling x12  
  129  20:37  Baneling x4  
  129  20:48  Zergling x10  
Show
View Real Time Build Order
Export as new Build Order

Reynor Zerg - Winner!

Build Orders: Hatch First, Lurkers 

Get SALT Encoding   

  12  0:00  Drone  
  13  0:12  Overlord  
  13  0:17  Drone  
  14  0:30  Drone x2  
  16  0:48  Hatchery  
  15  0:50  Drone  
  15  0:54  Drone  
  15  0:57  Drone  
  18  1:08  Extractor  
  17  1:12  Spawning Pool  
  17  1:15  Drone  
  17  1:19  Drone  
  18  1:27  Drone  
  19  1:38  Drone  
  20  1:49  Drone  
  21  1:59  Overlord  
  21  2:00  Zergling x2, Queen x2  
  26  2:08  Metabolic Boost  
  26  2:10  Drone x2  
  28  2:21  Drone x2  
  30  2:32  Hatchery  
  30  2:35  Drone  
  30  2:39  Drone  
  31  2:45  Baneling Nest  
  31  2:47  Drone x2  
  32  2:54  Overlord  
  32  2:58  Drone  
  33  3:05  Drone x2  
  35  3:09  Zergling x2  
  35  3:11  Overlord  
  38  3:12  Zergling x4  
  38  3:13  Zergling x2  
  38  3:14  Drone  
  38  3:18  Drone  
  41  3:25  Drone  
  42  3:30  Drone  
  42  3:32  Extractor  
  42  3:34  Roach Warren  
  41  3:37  Evolution Chamber  
  41  3:40  Drone x3  
  41  3:41  Drone  
  43  3:43  Drone  
  44  3:49  Drone  
  44  3:51  Overlord  
  44  3:55  Overlord  
  45  4:12  Overlord  
  45  4:15  Roach x8  
  61  4:17  Roach  
  61  4:21  Roach  
  61  4:23  Roach  
  67  4:26  Roach  
  67  4:27  Zergling x2  
  67  4:28  Zergling x2  
  71  4:33  Zergling x4  
  71  4:37  Zergling x2  
  74  4:40  Zergling x2  
  74  4:44  Baneling x4  
  74  4:45  Zergling x8  
  79  4:47  Zergling x2  
  79  4:49  Zergling x2  
  79  4:51  Overlord  
  81  4:55  Zerg Missile Weapons Level 1  
  81  4:59  Overlord  
  81  5:10  Drone  
  81  5:13  Drone x3  
  85  5:15  Drone x2  
  85  5:17  Lair  
  85  5:18  Drone x3  
  88  5:24  Drone x3  
  88  5:25  Drone  
  91  5:32  Queen  
  91  5:33  Drone x2  
  91  5:35  Drone  
  96  5:36  Drone  
  97  5:43  Overlord  
  97  5:44  Overlord  
  97  5:48  Overlord  
  97  5:50  Extractor  
  97  5:51  Extractor  
  97  5:54  Overlord  
  95  6:04  Drone x2  
  95  6:05  Roach  
  95  6:06  Roach x5  
  109  6:13  Roach x2  
  109  6:15  Glial Reconstitution, Queen  
  109  6:17  Roach x2  
  119  6:19  Overlord  
  119  6:21  Roach x2  
  119  6:23  Roach  
  119  6:25  Overlord  
  125  6:29  Roach x2  
  125  6:32  Roach  
  129  6:34  Overlord  
  129  6:39  Roach  
  131  6:43  Queen x2  
  135  6:49  Drone  
  135  6:50  Spore Crawler  
  135  6:51  Queen, Spore Crawler  
  136  6:55  Overlord  
  136  7:02  Overlord  
  136  7:04  Drone  
  136  7:08  Overlord  
  137  7:12  Overlord  
  137  7:15  Roach x4  
  136  7:19  Roach  
  138  7:25  Roach x4  
  138  7:27  Overlord  
  146  7:31  Overlord  
  146  7:33  Roach x4  
  146  7:36  Overlord  
  153  7:45  Queen  
  153  7:52  Drone x7  
  153  7:53  Drone x2  
  157  8:00  Drone x2  
  157  8:02  Queen  
  155  8:07  Queen  
  155  8:08  Drone x2  
  141  8:21  Drone x3, Queen  
  141  8:22  Spore Crawler  
  141  8:24  Hydralisk Den  
  141  8:26  Spore Crawler  
  141  8:27  Drone x2  
  135  8:28  Spore Crawler x2  
  135  8:31  Roach x2  
  131  8:38  Extractor  
  131  8:40  Burrow, Tunneling Claws  
  126  8:43  Drone x2  
  126  8:44  Extractor  
  126  8:47  Roach x3  
  133  8:48  Overlord  
  133  8:52  Spore Crawler  
  133  8:55  Muscular Augments  
  132  8:58  Hydralisk x3  
  132  9:00  Hydralisk  
  140  9:04  Lurker Den  
  140  9:05  Hydralisk  
  140  9:06  Hydralisk  
  143  9:10  Hydralisk  
  143  9:11  Hydralisk  
  143  9:17  Hydralisk x3  
  153  9:26  Hydralisk  
  153  9:27  Hydralisk x3  
  161  9:39  Hydralisk x4  
  161  9:41  Overlord  
  169  9:46  Overlord  
  168  10:03  Hydralisk x7  
  176  10:09  Extractor  
  176  10:13  Lurker x2  
  175  10:15  Drone x2  
  175  10:18  Overlord  
  175  10:20  Lurker  
  178  10:21  Roach  
  178  10:23  Roach  
  178  10:25  Roach  
  178  10:26  Roach x5  
  178  10:27  Roach, Queen  
  184  10:30  Overlord  
  184  10:33  Lurker  
  185  10:36  Overlord  
  185  10:37  Lurker  
  182  10:43  Roach x3  
  182  10:44  Roach  
  182  10:48  Roach x7  
  188  10:57  Hydralisk x3  
  188  10:58  Hydralisk x2  
  196  11:12  Roach x7  
  196  11:14  Hydralisk x5  
  180  11:22  Hydralisk x3  
  170  11:26  Queen  
  164  11:33  Hydralisk x3  
  157  11:40  Queen  
  157  11:42  Roach x7  
  157  11:43  Roach x14  
  157  11:46  Hydralisk  
  157  11:47  Hydralisk x2  
  165  11:55  Lurker  
  165  11:57  Spore Crawler  
  165  11:59  Roach x5  
  165  12:06  Hatchery  
  152  12:09  Drone  
  152  12:10  Drone  
  152  12:13  Infestation Pit  
  152  12:14  Spore Crawler  
  152  12:15  Spore Crawler  
  147  12:17  Lurker x2  
  147  12:19  Roach x6  
  147  12:22  Drone  
  150  12:23  Hydralisk x3, Roach x6  
  158  12:32  Spore Crawler x2  
  152  12:42  Roach x3  
  150  12:51  Hydralisk x6, Hive  
  152  13:00  Roach x4  
  150  13:08  Lurker x2  
  150  13:09  Drone x2  
  150  13:10  Drone x6  
  158  13:14  Drone x2  
  158  13:15  Hydralisk x3  
  158  13:17  Roach, Spore Crawler x2  
  164  13:24  Roach x4, Spore Crawler  
  164  13:36  Spore Crawler  
  164  13:37  Spore Crawler  
  164  13:38  Drone x3  
  164  13:39  Roach  
  165  13:47  Roach x4  
  165  13:49  Extractor  
  165  13:52  Lurker  
  165  13:53  Lurker, Extractor  
  165  13:55  Spore Crawler  
  164  14:01  Drone x3, Queen  
  169  14:03  Roach x4  
  164  14:15  Hydralisk x6  
  164  14:16  Hydralisk x5  
  164  14:19  Hydralisk  
  141  14:24  Viper  
  141  14:29  Drone x4  
  131  14:35  Viper  
  127  14:39  Drone x3  
  130  14:47  Roach  
  118  14:53  Viper  
  118  14:57  Roach x4  
  121  15:01  Spore Crawler  
  121  15:04  Hydralisk  
  121  15:05  Hydralisk x3  
  126  15:13  Spore Crawler  
  125  15:17  Viper  
  125  15:19  Drone x4  
  126  15:24  Roach, Lurker  
  125  15:30  Roach x2  
  125  15:33  Lurker  
  125  15:35  Roach  
  132  15:38  Roach  
  132  15:39  Roach  
  138  15:42  Roach  
  131  15:52  Lurker x2  
  131  15:55  Spore Crawler  
  132  16:00  Roach x3  
  124  16:05  Hydralisk x2  
  124  16:07  Drone  
  129  16:12  Viper  
  129  16:14  Drone x2  
  134  16:22  Drone x4  
  134  16:25  Lurker  
  139  16:28  Lurker  
  139  16:31  Drone  
  141  16:33  Hydralisk  
  143  16:40  Hydralisk x2  
  147  16:51  Hydralisk  
  147  16:52  Hydralisk x2  
  147  16:53  Roach x3  
  153  16:56  Lurker x2  
  155  17:15  Hydralisk x6  
  147  17:18  Roach x2  
  147  17:20  Viper  
  162  17:30  Roach x5  
  166  17:43  Roach x5  
  172  17:48  Lurker x2  
  172  17:49  Roach  
  176  17:55  Roach  
  175  18:07  Hydralisk x4  
  183  18:20  Hydralisk x4  
  183  18:23  Overseer  
  191  18:34  Hydralisk x3  
  191  18:35  Zergling x2  
  198  18:43  Lurker x2  
  198  18:46  Overseer x2  
  199  18:58  Hydralisk x5  
  178  19:13  Hydralisk x4  
  177  19:21  Roach x3  
  179  19:25  Roach  
  179  19:28  Hydralisk  
  183  19:37  Hydralisk  
  183  19:38  Hydralisk x2  
  179  19:44  Hydralisk  
  153  19:56  Hydralisk x3  
  142  20:04  Hydralisk x3  
  140  20:12  Hydralisk x2  
  138  20:17  Hydralisk x2  
  142  20:22  Hydralisk  
  144  20:30  Hydralisk x2  
  142  20:36  Hydralisk x2  
  142  20:40  Roach  
  148  20:45  Hydralisk  

Tags
 
Add a new tag
Caveats
  • Supply blocks, unpowered buildings, or Contaminate may cause inaccurate times.
  • Supply counts are checked every 10 seconds.